Construct Section Command Post
Construct Platoon Command Post
6-pounder Anti-tank Gun Team
Unlock Bishop Self-propelled Artillery
Bishop Self-propelled Artillery
6-pounder Anti-tank Gun Team
Selects Air and Sea Battlegroup
Selects Air and Sea Battlegroup
Selects Air and Sea Battlegroup
6-pounder Anti-tank Gun Team
Bishop Self-propelled Artillery
Selects Commando Section Paradrop
Commando Section Paradrop